 Dungeon Sprint DCSS version 0.26-a0-474-gfaca0e1de5 (webtiles) character file.

Game seed: 10855059923694432443

7921 Baz the Severer (level 11, -11/169 HPs)
             Began as a Hill Orc Berserker on July 31, 2020.
             Was the Champion of Trog.
             Mangled by Urug
             ... wielding a +2 demon trident of draining
              (33 damage)
             ... in the Dungeon (Sprint III: "The Ten Rune Challenge").
             The game lasted 00:16:05 (3976 turns).

Baz the Severer (Hill Orc Berserker)                Turns: 3976, Time: 00:16:06

Health: -11/169    AC:  4    Str: 23    XL:     11   Next: 22%
Magic:  0/3        EV: 15    Int:  7    God:    Trog [******]
Gold:   2536       SH:  0    Dex: 11    Spells: 10/10 levels left

rFire    . . .     SeeInvis .   s - +5 battleaxe (antimagic)
rCold    . . .     Faith    .   (shield currently unavailable)
rNeg     . . .     Spirit   +   u - +0 leather armour
rPois    .         Reflect  .   (no helmet)
rElec    .         Harm     .   (no cloak)
rCorr    .         NoTele   +   (no gloves)
MR       ++...                  (no boots)
Stlth    ..........             j - amulet of guardian spirit
HPRegen  1.38/turn              (no ring)
MPRegen  0.08/turn              (no ring)

@: berserking (expiring), regenerating, heavily drained, very quick
A: no striking features
a: Berserk, Trog's Hand, Brothers in Arms, Renounce Religion


You were in the Dungeon.
You worshipped Trog.
Trog was exalted by your worship.
You visited 1 branch You collected 2620 gold pieces.
You spent 84 gold pieces at shops.

Inventory:

Hand Weapons
 b - a +3 battleaxe
 l - a +2 battleaxe
 s - a +5 antimagic battleaxe (weapon)
 t - a +1 vorpal executioner's axe
 v - a +4 broad axe
Missiles
 a - 6 curare-tipped darts
 i - 12 poisoned darts (quivered)
Armour
 u - a +0 leather armour (worn)
Jewellery
 j - an amulet of guardian spirit (around neck)
Scrolls
 h - a scroll of blinking
 k - a scroll of holy word
 m - 3 scrolls of remove curse
 p - 2 scrolls of immolation
Potions
 c - 2 potions of curing
 d - a potion of heal wounds
 e - a potion of haste
 f - 2 potions of magic
 g - a potion of berserk rage
 n - a potion of flight
 o - 4 potions of mutation
 q - 2 potions of ambrosia
 r - a potion of degeneration {unknown}


   Skills:
 * Level 15.4(11.7) Fighting
 + Level 19.1(15.1) Axes
 * Level 14.0(10.4) Armour
 + Level 10.2(6.9) Dodging


You had 10 spell levels left.
You didn't know any spells.
Your spell library was empty.

Dungeon Overview and Level Annotations

Branches:
Dungeon (1/1)

Altars:
Dithmenos
Elyvilon
Kikubaaqudgha
Okawaru
Ru
Sif Muna
Trog
Uskayaw
Vehumet
Wu Jian
Yredelemnul
Zin
The Shining One
Beogh

Shops:
D *

Annotations:
D Urug


Message History

Urug is lightly wounded.
You barely miss Urug.
Urug is lightly wounded.
Urug hits you with a +2 demon trident of draining!!
You feel drained.
You slash Urug!
Urug is moderately wounded.
You slice Urug!!
Urug is heavily wounded.
Urug drinks a potion.
Urug goes berserk!
You miss Urug.
Urug is heavily wounded.
Urug hits you with a +2 demon trident of draining!!
* * * LOW HITPOINT WARNING * * *
You feel drained.
* * * LOW HITPOINT WARNING * * *
You hit Urug.
Urug is severely wounded.
Urug hits you with a +2 demon trident of draining!!
You die...

♣♣≈≈†........≈≈≈.).##.#
+♣♣'♣≈≈≈≈≈≈≈≈≈≈≈≈♣♣..'.#.
#.≈♣♣♣♣♣♣♣♣♣♣♣♣♣♣♣♣P.##.#
#..♣♣ ♣♣♣##)# ###'♣♣♣♣♣
#.). ♣♣♣♣.##..## #...
♣...##.##)# #...
♣♣.##.##†##+ ####
♣..#.##.@.#


#oPP ♣♣.##.##.o# #.oP ♣♣.##.##### #..° ♣.....# #..☼ ####### #+## You could see
Urug (berserk).

Vanquished Creatures
  A centaur warrior (D)
  An unseen horror (D)
  A lindwurm (D)
  A komodo dragon (D)
  2 cane toads (D)
  2 tyrant leeches (D)
  A shadow (D)
  3 redbacks (D)
  3 wandering mushrooms (D)
  A necrophage (D)
  2 centaurs (D)
  An earth elemental (D)
  A water elemental (D)
  A scorpion (D)
  28 killer bees (D)
  An orc priest (D)
  A jelly (D)
  A wizard (D)
  Jessica (D)
  A necromancer (D)
  3 humans (D)
  A kobold demonologist (D)
  An ooze (D)
  2 rats (D)
  2 plants (D)
63 creatures vanquished.

Vanquished Creatures (collateral kills)
  Harold (D)
  Snorg (D)
  Joseph (D)
  A deep elf mage (D)
  An orc sorcerer (D)
  A queen bee (D)
  4 killer bees (D)
  An orc priest (D)
  3 orc wizards (D)
  13 orcs (D)
27 creatures vanquished.

Vanquished Creatures (others)
  An orc high priest (D)
  2 orc priests (D)
  11 plants (D)
14 creatures vanquished.

Grand Total: 104 creatures vanquished

Notes
Turn   | Place    | Note
-------+----------+-------------------------------------------
     0 | D        | Baz the Hill Orc Berserker began the quest for the Orb.
     0 | D        | Reached XP level 1. HP: 19/19 MP: 1/1
   125 | D        | Noticed Jessica
   131 | D        | Killed Jessica
   131 | D        | Reached ** piety under Trog
   131 | D        | Reached skill level 5 in Fighting
   131 | D        | Reached skill level 6 in Axes
   131 | D        | Reached XP level 2. HP: 29/29 MP: 2/2
   131 | D        | Reached XP level 3. HP: 36/36 MP: 3/3
   230 | D        | Reached skill level 7 in Axes
   231 | D        | Noticed a scorpion
   235 | D        | Killed a scorpion
   235 | D        | Reached *** piety under Trog
   235 | D        | Reached skill level 8 in Axes
   235 | D        | Reached XP level 4. HP: 44/44 MP: 1/4
   341 | D        | Noticed a water elemental
   347 | D        | Killed a water elemental
   347 | D        | Reached skill level 9 in Axes
   347 | D        | Reached skill level 5 in Armour
   347 | D        | Reached XP level 5. HP: 49/51 MP: 2/5
   442 | D        | Found a hide-covered altar of Uskayaw.
   442 | D        | Found a roughly hewn altar of Beogh.
   442 | D        | Found an iron altar of Okawaru.
   442 | D        | Found a bloodstained altar of Trog.
   442 | D        | Found an ornate altar of the Wu Jian Council.
   442 | D        | Noticed a human
   442 | D        | Noticed a human
   449 | D        | Killed a human
   449 | D        | Reached skill level 11 in Axes
   449 | D        | Reached XP level 6. HP: 61/61 MP: 6/6
   459 | D        | Killed a human
   459 | D        | Reached skill level 12 in Axes
   459 | D        | Reached skill level 5 in Dodging
   505 | D        | Found a basalt altar of Yredelemnul.
   505 | D        | Found a shadowy altar of Dithmenos.
   505 | D        | Found a sacrificial altar of Ru.
   505 | D        | Noticed a necrophage
   508 | D        | Reached **** piety under Trog
   508 | D        | Reached XP level 7. HP: 66/69 MP: 5/7
   559 | D        | Found a radiant altar of Vehumet.
   559 | D        | Found a shimmering blue altar of Sif Muna.
   559 | D        | Found an ancient bone altar of Kikubaaqudgha.
   621 | D        | Found a glowing silver altar of Zin.
   621 | D        | Found a glowing golden altar of the Shining One.
   621 | D        | Found a white marble altar of Elyvilon.
   621 | D        | Noticed a deep elf mage
   630 | D        | Killed a deep elf mage
   630 | D        | Reached skill level 13 in Axes
   939 | D        | Noticed a shadow
   945 | D        | Killed a shadow
   945 | D        | Reached skill level 10 in Fighting
   945 | D        | Reached skill level 14 in Axes
   945 | D        | Reached XP level 8. HP: 79/79 MP: 6/8
   948 | D        | Reached ***** piety under Trog
   978 | D        | Noticed Snorg
   987 | D        | Killed Snorg
   987 | D        | Reached skill level 15 in Axes
   996 | D        | Noticed an orc sorcerer
   997 | D        | Noticed a rust devil
  1003 | D        | Received a gift from Trog
  1004 | D        | Killed an orc sorcerer
  1004 | D        | Reached XP level 9. HP: 68/89 MP: 6/9
  1010 | D        | Reached ****** piety under Trog
  1015 | D        | Received a gift from Trog
  1018 | D        | Found Xohiz's Assorted Antiques.
  1331 | D        | Bought a scroll labeled SOOVYO FIPRUPS for 28 gold pieces
  1331 | D        | Bought a scroll of identify for 56 gold pieces
  1362 | D        | Noticed a centaur warrior
  1366 | D        | Reached skill level 10 in Armour
  1366 | D        | Reached skill level 16 in Axes
  1372 | D        | Killed a centaur warrior
  1491 | D        | Killed an unseen horror
  1491 | D        | Reached skill level 17 in Axes
  1642 | D        | Noticed a queen bee
  1645 | D        | Killed a queen bee
  1658 | D        | Reached XP level 10. HP: 75/99 MP: 2/10
  1672 | D        | Received a gift from Trog
  1689 | D        | Reached skill level 18 in Axes
  1712 | D        | Received a gift from Trog
  1737 | D        | Received a gift from Trog
  2200 | D        | Noticed Harold
  2200 | D        | Noticed Joseph
  2203 | D        | Killed Harold
  2207 | D        | Killed Joseph
  2852 | D        | Received a gift from Trog
  3128 | D        | Noticed a cane toad
  3128 | D        | Noticed a cane toad
  3136 | D        | Killed a cane toad
  3138 | D        | Killed a cane toad
  3142 | D        | Reached XP level 11. HP: 111/111 MP: 2/11
  3213 | D        | Reached skill level 15 in Fighting
  3213 | D        | Reached skill level 10 in Dodging
  3444 | D        | Reached skill level 19 in Axes
  3667 | D        | Noticed a lindwurm
  3671 | D        | Killed a lindwurm
  3964 | D        | Received a gift from Trog
  3965 | D        | Noticed Urug
  3976 | D        | Mangled by Urug

Illustrated notes

Levels and vault maps discovered:
D:        dungeon_sprint_mu [sprint_mu_entry_cave, sprint_mu_temple_rooms,
          sprint_mu_d1_horrors, sprint_mu_d2_genie, sprint_mu_d3_branching,
          sprint_mu_orc_legion, sprint_mu_elf_gauntlet, sprint_mu_hive_nellie,
          sprint_mu_lair_fedhas, sprint_mu_vaults_butterflies,
          sprint_mu_slime_circle, sprint_mu_swamp_cave, sprint_mu_snake_twists,
          sprint_mu_blade_basic, sprint_mu_crypt_chambers,
          sprint_mu_tomb_spiral, sprint_mu_vestibule_basic,
          sprint_mu_gehenna_hellfire, sprint_mu_dis_giant,
          sprint_mu_tartarus_statrot, sprint_mu_cocytus_islands, sprint_mu_zot1]

Skill      XL: |  1  2  3  4  5  6  7  8  9 10 11 |
---------------+----------------------------------+-----
Fighting       | 5 6 8 10 11 12 14 15 | 15.4
Axes           | 6 8 9 11 12 14 15 17 18 19 | 19.1
Armour         | 3 4 5 6 7 8 9 11 13 14 | 14.0
Dodging        | 2 3 4 5 6 7 8 9 10 | 10.2

Action                   |  1- 3 |  4- 6 |  7- 9 | 10-12 || total
-------------------------+-------+-------+-------+-------++-------
Melee: Hand axe          |    27 |    22 |    32 |       ||    81
       Battleaxe         |       |       |    31 |   147 ||   178
Invok: Berserk           |     2 |     2 |     3 |     4 ||    11
       Trog's Hand       |       |     1 |     4 |     4 ||     9
       Brothers in Arms  |       |       |     3 |     2 ||     5
  Use: Scroll            |       |       |     4 |       ||     4
 Stab: Sleeping          |     1 |       |       |       ||     1
Armor: Animal skin       |     2 |     1 |       |       ||     3
       Leather armour    |       |       |     5 |    12 ||    17
Dodge: Dodged            |     6 |     3 |    38 |   107 ||   154

Table legend: (Time is in decaauts)
 A = Elapsed time spent in this place.
 B = Non-inter-level travel time spent in this place.
 C = Inter-level travel time spent in this place.
 D = Time resting spent in this place.
 E = Time spent auto-exploring this place.
 F = Levels seen in this place.
 G = Mean time per level.
                   A        B        C        D        E       F      G
               +--------+--------+--------+--------+--------+-----+--------+
         Total |   4043 |   3972 |     71 |   3054 |      0 |   1 | 4043.0 |
       Dungeon |   4043 |   3972 |     71 |   3054 |      0 |   1 | 4043.0 |
               +--------+--------+--------+--------+--------+-----+--------+

Top non-repeatable levels by time:
       D: 4043 daAuts
